 Seeded DCSS version 0.30.1-4-g462c640d31 (webtiles) character file.

Game seed: 6351066067085065685 (custom seed)

7191 Esekla the Thaumaturge (level 10, -14/52 HPs)
             Began as a Deep Elf Necromancer on Aug 15, 2023.
             Was an Elder of Vehumet.
             Demolished by Harold
             ... wielding a +0 battleaxe
              (19 damage)
             ... on level 9 of the Dungeon.
             The game lasted 01:10:01 (8718 turns).

Esekla the Thaumaturge (Deep Elf Necromancer)       Turns: 8718, Time: 01:10:01

Health: -14/52     AC:  6    Str:  5    XL:     10   Next: 87%
Magic:  32/36      EV: 14    Int: 25    God:    Vehumet [****..]
Gold:   599        SH:  4    Dex: 15    Spells: 9/31 levels left

rFire   . . .        a - +4 scimitar
rCold   . . .        E - +0 buckler
rNeg    . . .        o - +0 robe
rPois   .            O - +1 helmet
rElec   .            J - +0 cloak
rCorr   .            k - +0 pair of gloves
SInv    .            (no boots)
Will    +....        z - amulet of magic regeneration
Stlth   +++          j - ring of magical power
HPRegen 0.28/turn    (no ring)
MPRegen 0.65/turn

%: no passive effects
@: marked, studying Fighting
A: no striking features
a: Renounce Religion


You were on level 9 of the Dungeon.
You worshipped Vehumet.
Vehumet was greatly pleased with you.
You visited 2 branches of the dungeon, and saw 10 of its levels.
You also visited: Bailey.

You collected 599 gold pieces.

Inventory:

Hand Weapons
 a - a +4 scimitar (weapon)
 r - a +4 trident of venom
 s - the +5 rapier of the Hero {heavy, rN+ Dex+3}
   (You found it on level 3 of the Dungeon)

   Dex:       It affects your dexterity (+3).
   rN:        It protects you from negative energy.
 v - a +2 rapier of venom
Missiles
 t - 27 poisoned darts (quivered)
 I - 4 curare-tipped darts
 K - 3 boomerangs
Armour
 k - a +0 pair of gloves (worn)
 o - a +0 robe (worn)
 E - a +0 buckler (worn)
 J - a +0 cloak (worn)
 O - a +1 helmet (worn)
Jewellery
 j - a ring of magical power (left hand)
 z - an amulet of magic regeneration (around neck)
Wands
 g - a wand of roots (16)
 B - a wand of flame (15)
 G - a wand of mindburst (8)
Scrolls
 e - 2 scrolls of fear
 m - 2 scrolls of amnesia {unknown}
 n - a scroll of immolation {unknown}
 p - 5 scrolls of blinking {unknown}
 u - 2 scrolls of fog {unknown}
 w - 3 scrolls of enchant weapon {unknown}
 x - a scroll of summoning {unknown}
 y - a scroll of magic mapping
 C - a scroll of silence
 D - a scroll of teleportation
 F - 2 scrolls of poison {unknown}
 H - 3 scrolls of noise {unknown}
 L - a scroll of torment {unknown}
 M - a scroll of enchant armour
 N - 2 scrolls of identify
 Q - a scroll of acquirement
Potions
 b - a potion of magic
 c - 2 potions of heal wounds
 d - 3 potions of ambrosia {unknown}
 f - 4 potions of haste
 h - 6 potions of curing
 i - a potion of mutation
 l - 6 potions of attraction {unknown}
 q - 3 potions of brilliance {unknown}
 A - 2 potions of lignification


   Skills:
 * Level 1.0 Fighting
 + Level 3.4 Short Blades
 + Level 0.4(2.0) Long Blades
 + Level 2.6 Throwing
 * Level 7.4 Dodging
 + Level 6.0 Stealth
 * Level 2.3 Shields
 * Level 11.2 Spellcasting
 * Level 3.1 Conjurations
 + Level 10.4 Necromancy
 * Level 5.8 Translocations
 * Level 2.7 Transmutations
 * Level 2.9 Fire Magic
 * Level 3.0 Poison Magic
 + Level 0.2 Evocations


You had 9 spell levels left.
You knew the following spells:

 Your Spells              Type           Power      Damage    Failure   Level
a - Necrotise             Necr           100%       1d9       1%          1
b - Freeze                Ice            56%        1d7       2%          1
d - Vampiric Draining     Necr           60%        2d10      1%          3
e - Momentum Strike       Conj/Tloc      72%        3d10      1%          2
f - Fireball              Conj/Fire      14%        3d8       16%         5
n - Ignite Poison         Fire/Tmut/Pois 28%        N/A       1%          3
t - Teleport Other        Tloc           43%        N/A       1%          3
y - Sticky Flame          Conj/Fire      29%        2d5       6%          4

Your spell library contained the following spells:

 Spells                   Type           Power      Damage    Failure   Level
 Lesser Beckoning         Tloc           86%        N/A       1%          2
 Gell's Gravitas          Tloc           43%        N/A       1%          3
 Animate Dead             Necr           60%        N/A       1%          4
 Agony                    Necr           60%        N/A       3%          5
 Spider Form              Tmut/Pois      28%        N/A       7%          3
 Cause Fear               Hex            7%         N/A       61%         4
 Summon Mana Viper        Hex/Summ       14%        N/A       91%         5


Dungeon Overview and Level Annotations

Branches:
Dungeon (9/15)             Temple (1/1) D:6          Bailey (visited)
   Lair: D:8-11         Orc: D:9-12

Altars:
Cheibriados
Dithmenos
Fedhas
Hepliaklqana
Nemelex Xobeh
Okawaru
Qazlal
Trog
Uskayaw
Vehumet
Xom
Zin
The Shining One

Shops:
D:2 =   D:4 (

Annotations:
D:9 Harold


Message History

Harold throws a throwing net.
The throwing net hits you.
You become entangled in the net!
You see here a throwing net.
You struggle against the net.
You tear a large gash into the net.
Harold casts a spell at you. A sentinel's mark forms upon you.
You shred the net and break free! Harold casts a spell at you.
The mark upon you grows brighter.
Harold zaps a wand.
The roots erupt in riotous growth!
The grasping roots grab you! The grasping roots constrict you!
You escape the roots grasp.
You hit Harold.
Harold is poisoned.
Harold is lightly wounded.
Harold zaps a wand.
The roots erupt in riotous growth!
The grasping roots grab you!
Harold is unaffected.
The grasping roots constrict you!
Casting: Vampiric Draining (safe; 1% risk of failure)
Confirm with . or Enter, or press ? or * to list all spells.
You ignite the poison in your surroundings!
Harold seems to burn from within!!
Harold is moderately wounded.
Harold says, "Let's make it quick, okay?
I've got mouths to feed."
Harold casts a spell at you.
You barely resist. The grasping roots constrict you.
Casting: Ignite Poison (safe; 1% risk of failure)
Confirm with . or Enter, or press ? or * to list all spells.
Aiming: Vampiric Draining (safe; 1% risk of failure)
Press: ? - help, Shift-Dir - straight line, f - Harold
Aim: Harold, wielding a +0 battleaxe, wearing a +0 chain mail, quivering a throwing net and carrying a wand of roots (5) (moderately wounded)
You draw life force from Harold!
You feel life coursing into your body. Harold hits you with a +0 battleaxe!
The grasping roots constrict you!
* * * LOW HITPOINT WARNING * * *
The grasping roots release their grip on you.
Your +2 rapier of venom stops dripping with poison.
a - a +4 scimitar (weapon)
Harold hits you with a +0 battleaxe!!
You die...

##.#..)....#........#
.#.#.......#........#
.'.'.......# .......#
.#)#.......###....$
.#.#.........#...#
.#.######....#...#
##......######...#
.................#
'####...........@#
....#...........@.....#
....#......######.....#
....#......# .....#
'####......# .....#
...##......# .....#
.♣.##......# .....#
_..# .....# .♣.#


You could see Harold.

Vanquished Creatures
  A two-headed ogre (D:8)
  Pikel (D:6)
  2 orc knights (Bailey)
  A cyclops (D:9)
  Joseph (D:7)
  A kobold demonologist (D:9)
  2 steam dragons
  2 wyverns
  Menkaure (D:7)
  An ice beast (D:6)
  A sky beast (D:6)
  7 orc warriors (Bailey)
  2 black bears
  2 ogres
  A centaur (D:7)
  A phantom (D:7)
  Blork the orc (D:6)
  3 kobold brigands
  3 gnoll sergeants
  A bullfrog (D:7)
  2 scorpions (D:5)
  3 wights (D:7)
  5 killer bees
  2 quasits (D:8)
  2 gnoll boudas
  6 hounds
  A jelly (D:6)
  Crazy Yiuf (D:7)
  4 orc priests (D:8)
  A sleepcap (D:5)
  5 iguanas
  6 orc wizards
  27 gnolls
  8 adders
  3 shadow imps (D:8)
  6 white imps
  4 ufetubi
  A worm (D:4)
  3 dart slugs
  47 orcs
  6 ball pythons
  4 endoplasms
  8 goblins
  7 hobgoblins
  A quokka (D:1)
  4 bats
  4 frilled lizards
  14 kobolds
  A rat (D:2)
221 creatures vanquished.

Notes
Turn   | Place    | Note
-------+----------+-------------------------------------------
     0 | D:1      | Esekla the Deep Elf Necromancer began the quest for the
                  | Orb.
     0 | D:1      | Reached XP level 1. HP: 10/10 MP: 6/6
   176 | D:1      | Reached skill level 5 in Necromancy
   415 | D:4      | Found an iron altar of Okawaru.
   454 | D:4      | Found a glowing silver altar of Zin.
   505 | D:4      | Found a radiant altar of Vehumet.
   516 | D:4      | Found a glowing golden altar of the Shining One.
   530 | D:4      | Became a worshipper of Vehumet
   650 | D:3      | Reached XP level 2. HP: 12/15 MP: 8/8
   861 | D:3      | Identified the +5 rapier of the Hero {heavy, rN+ Dex+3}
   882 | D:2      | Found Renulab's Jewellery Shop.
  1148 | D:1      | Reached XP level 3. HP: 19/19 MP: 9/9
  1304 | D:1      | Reached * piety under Vehumet
  1304 | D:1      | Offered knowledge of Freeze by Vehumet.
  1307 | D:1      | Learned a level 1 spell: Freeze
  1311 | D:1      | Learned a level 3 spell: Vampiric Draining
  1315 | D:1      | Learned a level 3 spell: Teleport Other
  1419 | D:2      | Noticed a black bear
  1428 | D:2      | Reached skill level 1 in Short Blades
  1428 | D:2      | Reached XP level 4. HP: 24/24 MP: 7/11
  1446 | D:2      | Found a faded altar of an unknown god.
  1590 | D:2      | Killed a black bear
  1591 | D:2      | Reached skill level 4 in Spellcasting
  1591 | D:2      | Reached skill level 1 in Translocations
  1591 | D:2      | Reached XP level 5. HP: 28/28 MP: 5/13
  2094 | D:3      | Found a stormy altar of Qazlal.
  2144 | D:3      | Found a hazy altar of Hepliaklqana.
  2146 | D:3      | Found a bloodstained altar of Trog.
  2316 | D:4      | Found Ponaysk's Antique Weapon Boutique.
  2876 | D:4      | Reached XP level 6. HP: 27/32 MP: 14/14
  3042 | D:5      | Entered Level 5 of the Dungeon
  3050 | D:5      | Got the Parchment of the Lumpy Olives
  3067 | D:5      | Found a shadowy altar of Dithmenos.
  3353 | D:5      | Reached skill level 1 in Throwing
  3356 | D:5      | Reached XP level 7. HP: 36/36 MP: 16/16
  3359 | D:5      | Reached skill level 5 in Spellcasting
  3877 | D:3      | Reached ** piety under Vehumet
  3898 | D:3      | Offered knowledge of Momentum Strike by Vehumet.
  3902 | D:3      | Learned a level 2 spell: Momentum Strike
  3939 | D:3      | Reached skill level 5 in Dodging
  4094 | D:6      | Reached skill level 6 in Spellcasting
  4131 | D:6      | Noticed Pikel
  4234 | D:6      | Found a staircase to the Ecumenical Temple.
  4246 | D:6      | Reached XP level 8. HP: 31/41 MP: 15/19
  4581 | D:6      | Reached skill level 5 in Stealth
  4581 | D:6      | Reached skill level 7 in Spellcasting
  4593 | D:6      | Found a blossoming altar of Fedhas.
  4690 | D:6      | Killed Pikel
  4691 | D:6      | Reached skill level 8 in Spellcasting
  4691 | D:6      | Noticed Blork the orc
  4701 | D:6      | Killed Blork the orc
  4836 | D:7      | Reached XP level 9. HP: 41/45 MP: 13/23
  4988 | D:7      | Noticed Menkaure
  4996 | D:8      | Noticed a two-headed ogre
  5014 | D:7      | Killed Menkaure
  5067 | D:7      | HP: 2/45 [orc/+0 trident (6)]
  5285 | D:7      | Noticed Joseph
  5327 | D:7      | Reached skill level 9 in Spellcasting
  5376 | D:7      | Offered knowledge of Ignite Poison by Vehumet.
  5377 | D:7      | Reached skill level 1 in Shields
  5381 | D:7      | Learned a level 3 spell: Ignite Poison
  5642 | D:7      | Found a runed translucent door.
  5643 | D:7      | Noticed Crazy Yiuf
  5652 | D:7      | Killed Crazy Yiuf
  5863 | Temple   | Entered the Ecumenical Temple
  5919 | D:8      | Reached *** piety under Vehumet
  6414 | D:7      | Killed Joseph
  6435 | D:8      | Reached skill level 1 in Poison Magic
  6542 | D:7      | Reached skill level 1 in Conjurations
  6617 | D:8      | Offered knowledge of Sticky Flame by Vehumet.
  6618 | D:8      | Reached skill level 10 in Spellcasting
  6630 | D:8      | Reached skill level 1 in Transmutations
  6630 | D:8      | Reached skill level 1 in Fire Magic
  6640 | D:8      | Reached skill level 5 in Translocations
  6660 | D:7      | Learned a level 4 spell: Sticky Flame
  7004 | D:8      | Killed a two-headed ogre
  7005 | D:8      | Reached XP level 10. HP: 35/50 MP: 21/26
  7054 | D:8      | Found a hide-covered altar of Uskayaw.
  7076 | D:8      | Found a transporter.
  7078 | D:8      | Found a transporter.
  7080 | D:8      | Found a transporter.
  7080 | D:8      | Found a transporter.
  7321 | D:8      | Reached **** piety under Vehumet
  7498 | D:9      | Noticed a two-headed ogre
  7550 | D:9      | Found a flagged portal.
  7577 | Bailey   | Entered a bailey
  7599 | Bailey   | Offered knowledge of Fireball by Vehumet.
  7606 | Bailey   | Learned a level 5 spell: Fireball
  7732 | Bailey   | Identified the +2 bardiche of Puhoisos {heavy, rElec
                  | Stlth+}
  7907 | Bailey   | Noticed an orc knight
  7907 | Bailey   | Noticed an orc knight
  7933 | Bailey   | Killed an orc knight
  7934 | Bailey   | Reached skill level 10 in Necromancy
  8083 | Bailey   | Killed an orc knight
  8084 | Bailey   | Reached skill level 11 in Spellcasting
  8537 | D:9      | Noticed a cyclops
  8550 | D:9      | Killed a cyclops
  8562 | D:9      | Noticed a rust devil
  8566 | D:9      | Reached skill level 1 in Fighting
  8620 | D:9      | Found a sparkling altar of Nemelex Xobeh.
  8708 | D:9      | Noticed Harold
  8718 | D:9      | Demolished by Harold

Illustrated notes

Levels and vault maps discovered:
D:1:      sevenhm_arrival_forest_fort_small_3, layout_rooms,
          chequers_serial_rivers_room_b, minmay_misc_feat_five
D:2:      layout_loops_ring, dreamdust_ecumenical_altar_angels_and_demons,
          serial_shops, shop
D:3:      layout_basic, grunt_temple_overflow_open, minmay_misc_feat_iff
D:4:      layout_basic, nicolae_overflow_quartered_altars, serial_shops,
          nicolae_diamond_shop
D:5:      layout_loops_ring, lemuel_doored_altar, minmay_misc_feat_rows,
          dreamdust_wishing_well
D:6:      layout_loops_cross, fedhas_altar_fruit_tree,
          minmay_temple_entry_glass, uniq_pikel, uniq_blork_the_orc
D:7:      layout_basic, uniq_menkaure, uniq_joseph, uniq_crazy_yiuf_cottage
D:8:      layout_basic, nicolae_uskayaw_dance_hall, serial_demonic,
          serial_demonic_d, serial_demonic_a, serial_demonic_c,
          serial_demonic_c, nicolae_diode_quadrants
D:9:      layout_irregular_city, kennysheep_little_box, enter_bailey_4,
          minmay_between, uniq_harold
Temple:   compressed_dpeg_circular_temple

Skill      XL: |  1  2  3  4  5  6  7  8  9 10 |
---------------+-------------------------------+-----
Necromancy     | 5 6 7 8 9 10 | 10.4
Dodging        | 3 4 5 6 7 |  7.4
Short Blades   | 1 2 3 |  3.4
Stealth        | 3 4 5 6 |  6.0
Spellcasting   | 4 6 8 10 11 | 11.2
Translocations | 1 2 3 4 5 |  5.8
Throwing       | 1 2 |  2.6
Shields        | 1 2 |  2.3
Poison Magic   | 1 3 |  3.0
Conjurations   | 1 3 |  3.1
Transmutations | 1 2 |  2.7
Fire Magic     | 1 2 |  2.9
Fighting       | 1 |  1.0
Long Blades    | |  0.4
Evocations     | |  0.2

Action                     |  1- 3 |  4- 6 |  7- 9 | 10-12 || total
---------------------------+-------+-------+-------+-------++-------
  Melee: Short sword       |    65 |       |       |       ||    65
         Unarmed           |     9 |       |       |       ||     9
         Rapier            |    35 |    60 |   134 |    47 ||   276
         Punch             |       |     3 |       |       ||     3
         Scimitar          |       |       |    23 |    31 ||    54
  Throw: Dart              |       |    17 |    20 |    12 ||    49
   Cast: Vampiric Draining |     1 |    16 |    85 |    50 ||   152
         Teleport Other    |       |       |     3 |       ||     3
         Ignite Poison     |       |       |     2 |     7 ||     9
         Sticky Flame      |       |       |     1 |     3 ||     4
         Fireball          |       |       |       |     2 ||     2
  Evoke: Wand              |       |       |     7 |       ||     7
    Use: Scroll            |       |       |     9 |     2 ||    11
         Potion            |       |       |     1 |     1 ||     2
   Stab: Sleeping          |     3 |     5 |    18 |     2 ||    28
         Distracted        |       |     1 |       |       ||     1
 Armour: Robe              |    26 |    17 |    57 |    59 ||   159
  Dodge: Dodged            |    69 |    53 |   202 |   150 ||   474
  Block: Buckler           |       |       |    31 |    36 ||    67
